 Dungeon Crawl Stone Soup version 0.28-a0-529-g3bad584f25 (webtiles) character file.

Game seed: 12155571134478497442

32 willcat the Sneak (level 3, 0/26 HPs)
             Began as an Octopode Delver on Sept 25, 2021.
             Slain by an adder (5 damage)
             ... on level 5 of the Dungeon.
             The game lasted 00:00:19 (225 turns).

willcat the Sneak (Octopode Delver)                  Turns: 225, Time: 00:00:20

Health: 0/26       AC:  1    Str: 11    XL:     3   Next: 25%
Magic:  3/3        EV: 13    Int: 13    God:
Gold:   0          SH:  0    Dex: 13    Spells: 2/2 levels left

rFire   . . .      SeeInvis .   a - +0 short sword
rCold   . . .      Faith    .   (no shield)
rNeg    . . .      Spirit   .   (helmet restricted)
rPois   .          Reflect  .   (no amulet)
rElec   .          Harm     .   (no ring)
rCorr   .          Rampage  .   (no ring)
Will    .....                   (no ring)
Stlth   ++++......              (no ring)
HPRegen 0.08/turn               (no ring)
MPRegen 0.08/turn               (no ring)
                                (no ring)
                                (no ring)

@: lethally poisoned (0 -> -4)
A: almost no armour, amphibious, 8 rings, camouflage 1, gelatinous body 1,
(nimble swimmer 1), tentacles
a: no special abilities


You were on level 5 of the Dungeon.
You visited 1 branch of the dungeon, and saw 1 of its levels.

Inventory:

Hand Weapons
 a - a +0 short sword (weapon)
Wands
 f - a wand of digging (3)
Scrolls
 b - a scroll of fog
 c - a scroll of magic mapping
 d - a scroll of fear
Potions
 e - a potion of haste


   Skills:
 - Level 3.0 Fighting
 + Level 2.6 Short Blades
 + Level 2.6 Dodging
 + Level 7.1 Stealth


You had 2 spell levels left.
You didn't know any spells.
Your spell library was empty.

Dungeon Overview and Level Annotations

Branches:
Dungeon (5/15)
 Temple: D:4-7

Altars:
Hepliaklqana


Innate Abilities, Weirdness & Mutations

You cannot wear most types of armour.
You are amphibious.
You can wear up to eight rings at the same time.
Your skin changes colour to match your surroundings (Stealth+).
Your rubbery body absorbs attacks. (AC +1, EV +1)
((You are camouflaged near water. (Stealth+)))
You have tentacles for arms and can constrict up to eight enemies at once.


Message History

You have reached level 3!
Your experience leads to an increase in your attributes!
Increase (S)trength, (I)ntelligence, or (D)exterity?
You feel clever.
You start resting.
HP restored.
There is an open door here.
A white imp comes into view.
There is an open door here.
Found a whip.
An iguana comes into view.
The iguana hisses angrily.
The adder barely misses you.
There is an open door here.
You closely miss the adder. Your grab misses the adder. The adder bites you. x2
You are poisoned.
The adder poisons you!
You hit the adder. Your grab misses the adder. Your squeeze misses the adder.
The adder is heavily wounded.
You feel sick. The adder bites you.
You are more poisoned.
The adder poisons you!
You are too injured to fight recklessly!
You are too injured to fight recklessly!
You hit the adder but do no damage. Your grab misses the adder.
The adder is heavily wounded.
You feel sick. The adder bites you.
Unknown command.
You hit the adder. Your grab misses the adder. Your squeeze misses the adder.
The adder is almost dead.
* * * LOW HITPOINT WARNING * * *
You feel sick. The adder bites you.
* * * LOW HITPOINT WARNING * * *
Unknown command.
You closely miss the adder. Your grab misses the adder.
Your squeeze misses the adder.
The adder is almost dead.
* * * LOW HITPOINT WARNING * * *
You feel sick. The adder bites you.
You die...

###..#...#..... .#
####...#....# ..#
#....#....##..#
#....#........
###....#........
#......#....#
#......#....#
#......'....#
#......#.@..#
#......###S## .#
#......##.l##..##
#......#........#
#.................
#.................
+..<...#.......)#.
....#..>.....# ...
.....5.....


You could see an iguana and an adder.

Vanquished Creatures
  A bullfrog zombie (D:5)
1 creature vanquished.

Notes
Turn   | Place    | Note
-------+----------+-------------------------------------------
     0 | D:5      | willcat the Octopode Delver began the quest for the Orb.
     0 | D:5      | Reached XP level 1. HP: 16/16 MP: 1/1
    13 | D:5      | Found a hazy altar of Hepliaklqana.
    69 | D:5      | Reached skill level 7 in Stealth
    69 | D:5      | Reached XP level 2. HP: 12/21 MP: 2/2
    69 | D:5      | Reached XP level 3. HP: 15/26 MP: 3/3
   225 | D:5      | Slain by an adder

Illustrated notes

Levels and vault maps discovered:
D:5:      layout_gridville, mainiacjoe_overflow_alcove_1, st_stairs_5,
          minmay_divided_ellipse

Skill      XL: |  1 |
---------------+----+-----
Stealth        | 7 |  7.1
Fighting       | |  3.0
Short Blades   | |  2.6
Dodging        | |  2.6

Action                   || total
-------------------------++-------
Melee: Short sword       ||    10
       Constrict         ||     1
       Tentacles         ||     1
Dodge: Dodged            ||     4

Table legend: (Time is in decaauts)
 A = Elapsed time spent in this place.
 B = Non-inter-level travel time spent in this place.
 C = Inter-level travel time spent in this place.
 D = Time resting spent in this place.
 E = Time spent auto-exploring this place.
 F = Levels seen in this place.
 G = Mean time per level.
                   A        B        C        D        E       F      G
               +--------+--------+--------+--------+--------+-----+--------+
         Total |    224 |    224 |      0 |    134 |     46 |   1 |  224.0 |
       Dungeon |    224 |    224 |      0 |    134 |     46 |   1 |  224.0 |
               +--------+--------+--------+--------+--------+-----+--------+

Top non-repeatable levels by time:
     D:5: 224 daAuts
